[Event "Cebanenco Memorial 2019"]
[Site "Chisinau"]
[Date "2019.05.09"]
[Round "3.1"]
[White "Macovei, Andrei"]
[Black "Fedorov, Alexei"]
[Result "0-1"]
[ECO "B42"]
[WhiteElo "2432"]
[BlackElo "2566"]
[Annotator "ChessBase"]
[PlyCount "82"]
[EventDate "2019.05.07"]
[EventCountry "MDA"]
[SourceTitle "playchess.com"]
[Source "ChessBase"]
[SourceQuality "1"]
[TimeControl "5400+30"]

1. e4 c5 2. Nf3 e6 3. d4 cxd4 4. Nxd4 a6 5. Bd3 Ne7 6. O-O Nbc6 7. Nb3 g6 8. c4 Bg7 9. Nc3 O-O 10. Be2 f5 11. Bg5 h6 12. Be3 fxe4 13. c5 b6 14. Nxe4 Nd5 15. Qd2 Qh4 16. Nd6 bxc5 17. Bxc5 a5 18. Nxc8 Rfxc8 19. Bf3 Qg5 20. Qxg5 hxg5 21. Bxd5 exd5 22. Rad1 a4 23. Nc1 Bxb2 24. Be3 d4 25. Bxg5 Nb4 26. Nd3 Nxd3 27. Rxd3 Rc2 28. h4 a3 29. Rd2 Rac8 30. Rfd1 Kf7 31. Kh2 Ke6 32. g4 Rxd2 33. Rxd2 Kd5 34. Kg3 Bc1 35. Re2 d3 36. Re7 d6 37. Re1 Bxg5 38. hxg5 Kd4 39. f4 d2 40. Rd1 Ke3 41. f5 Rc1 0-1

[Event "Cebanenco Memorial 2019"]
[Site "Chisinau"]
[Date "2019.05.09"]
[Round "3.2"]
[White "Morozov, Nichita"]
[Black "Smirin, Ilia"]
[Result "*"]
[ECO "E73"]
[WhiteElo "2371"]
[BlackElo "2605"]
[Annotator "RC"]
[PlyCount "21"]
[EventDate "2019.05.07"]
[EventCountry "MDA"]
[SourceTitle "playchess.com"]
[Source "ChessBase"]
[SourceQuality "1"]
[TimeControl "5400+30"]

1. d4 Nf6 2. c4 g6 3. Nc3 Bg7 4. e4 d6 5. Be2 O-O 6. h4 Nc6 7. d5 Ne5 8. h5 c6 9. Nf3 Neg4 10. Nd4 Qb6 11. Na4 *

[Event "Cebanenco Memorial 2019"]
[Site "Chisinau"]
[Date "2019.05.09"]
[Round "3.4"]
[White "Hamitevici, Vladimir"]
[Black "Lashkin, Jegor"]
[Result "0-1"]
[ECO "A13"]
[WhiteElo "2476"]
[BlackElo "2313"]
[Annotator "ChessBase"]
[PlyCount "27"]
[EventDate "2019.05.07"]
[EventCountry "MDA"]
[SourceTitle "playchess.com"]
[Source "ChessBase"]
[SourceQuality "1"]
[TimeControl "5400+30"]

1. e3 d5 2. Nf3 Nf6 3. c4 e6 4. Nc3 Be7 5. b3 O-O 6. Bb2 c5 7. cxd5 Nxd5 8. Qc2 Nb4 9. Qb1 Nd7 10. h4 Nb6 11. g4 f5 12. Be2 Bf6 13. Ne5 fxg4 14. Nd3 0-1

[Event "Cebanenco Memorial 2019"]
[Site "Chisinau"]
[Date "2019.05.10"]
[Round "4.2"]
[White "Lashkin, Jegor"]
[Black "Svetushkin, Dmitry"]
[Result "0-1"]
[ECO "D15"]
[WhiteElo "2313"]
[BlackElo "2536"]
[Annotator "ChessBase"]
[PlyCount "110"]
[EventDate "2019.05.07"]
[EventCountry "MDA"]
[SourceTitle "playchess.com"]
[Source "ChessBase"]
[SourceQuality "1"]
[TimeControl "5400+30"]

1. Nf3 d5 2. d4 Nf6 3. c4 c6 4. Nc3 a6 5. e3 b5 6. b3 Bf5 7. Ne5 h6 8. Bd3 Bxd3 9. Nxd3 e6 10. O-O Nbd7 11. Qe2 Be7 12. c5 a5 13. a3 Ne4 14. Nd1 e5 15. f3 Ng5 16. f4 exf4 17. exf4 Ne4 18. N1f2 Ndf6 19. Ne5 Qc7 20. Nfd3 g6 21. Be3 h5 22. Ne1 Qc8 23. N1f3 Ng4 24. Qe1 Rg8 25. Nd2 Qe6 26. Nxe4 dxe4 27. a4 b4 28. Nc4 h4 29. Rd1 h3 30. g3 f5 31. Qe2 Bf6 32. d5 cxd5 33. Nd6+ Kf8 34. Bd4 Kg7 35. Rfe1 Rgd8 36. Qb5 Qd7 37. Bxf6+ Nxf6 38. Rd4 Qc7 39. Nb7 Rdc8 40. Rc1 Qc6 41. Nd6 Rc7 42. Qf1 e3 43. Qe2 Re7 44. Kf1 Re6 45. Rc2 Ra7 46. Kg1 Rae7 47. Kf1 Nd7 48. Nb5 Nxc5 49. Kg1 Qb6 50. Rxd5 Nxb3 51. Rc8 Rc6 52. Rcd8 Rc2 53. Qe1 Rc1 54. Rd1 e2+ 55. Kh1 Qc6+ 0-1

[Event "Cebanenco Memorial 2019"]
[Site "Chisinau"]
[Date "2019.05.10"]
[Round "4.3"]
[White "Schitco, Ivan"]
[Black "Hamitevici, Vladimir"]
[Result "1/2-1/2"]
[ECO "E20"]
[WhiteElo "2437"]
[BlackElo "2476"]
[Annotator "ChessBase"]
[PlyCount "80"]
[EventDate "2019.05.07"]
[EventCountry "MDA"]
[SourceTitle "playchess.com"]
[Source "ChessBase"]
[SourceQuality "1"]
[TimeControl "5400+30"]

1. d4 Nf6 2. c4 e6 3. g3 c5 4. Nf3 cxd4 5. Nxd4 Bb4+ 6. Nc3 O-O 7. Bg2 d5 8. cxd5 Nxd5 9. Bd2 Nxc3 10. bxc3 Be7 11. O-O Nd7 12. Rb1 Nb6 13. a4 e5 14. a5 exd4 15. axb6 axb6 16. cxd4 Qxd4 17. Bb4 Qxd1 18. Rfxd1 Bc5 19. Rdc1 Re8 20. Bxc5 bxc5 21. e3 Ra5 22. Bxb7 Be6 23. Bc6 Rc8 24. Rb5 Rxb5 25. Bxb5 c4 26. e4 Rc5 27. Ba4 f5 28. Bc2 fxe4 29. Bxe4 g5 30. f3 h5 31. Kf2 Kg7 32. Ke3 Kf6 33. Rb1 h4 34. gxh4 gxh4 35. Kd4 Rc8 36. Rb6 Rd8+ 37. Ke3 Ke7 38. Rb5 Rd1 39. f4 Bf7 40. Bf5 Be6 1/2-1/2

[Event "Cebanenco Memorial 2019"]
[Site "Chisinau"]
[Date "2019.05.10"]
[Round "4.4"]
[White "Smirin, Ilia"]
[Black "Miron, Lucian-Costin"]
[Result "1/2-1/2"]
[ECO "C86"]
[WhiteElo "2605"]
[BlackElo "2472"]
[Annotator "ChessBase"]
[PlyCount "79"]
[EventDate "2019.05.07"]
[EventCountry "MDA"]
[SourceTitle "playchess.com"]
[Source "ChessBase"]
[SourceQuality "1"]
[TimeControl "5400+30"]

1. e4 e5 2. Nf3 Nc6 3. Bb5 a6 4. Ba4 Nf6 5. O-O Be7 6. Qe2 b5 7. Bb3 d6 8. c3 O-O 9. Rd1 Na5 10. Bc2 c5 11. d4 Qc7 12. d5 Bd7 13. b3 Nb7 14. Nbd2 Nh5 15. g3 g6 16. Nf1 Ng7 17. Bh6 f6 18. a4 Rfb8 19. axb5 axb5 20. Bd3 Na5 21. N3d2 b4 22. cxb4 Rxb4 23. Nc4 Rbb8 24. Nfd2 Nb7 25. Qf1 Nd8 26. Rxa8 Rxa8 27. Ra1 Rxa1 28. Qxa1 Ne8 29. Be3 Qb7 30. Qa5 Nf7 31. Nb6 Bd8 32. Ndc4 Bh3 33. f3 Nc7 34. g4 Na6 35. Qb5 Kg7 36. Qd7 Qxd7 37. Nxd7 Nb4 38. Be2 f5 39. Ndb6 f4 40. Bf2 1/2-1/2

[Event "Cebanenco Memorial 2019"]
[Site "Chisinau"]
[Date "2019.05.10"]
[Round "4.5"]
[White "Macovei, Andrei"]
[Black "Morozov, Nichita"]
[Result "1/2-1/2"]
[ECO "C41"]
[WhiteElo "2432"]
[BlackElo "2371"]
[Annotator "ChessBase"]
[PlyCount "66"]
[EventDate "2019.05.07"]
[EventCountry "MDA"]
[SourceTitle "playchess.com"]
[Source "ChessBase"]
[SourceQuality "1"]
[TimeControl "5400+30"]

1. e4 d6 2. d4 Nf6 3. Nc3 e5 4. Nf3 Nbd7 5. Bc4 Be7 6. a4 a5 7. O-O O-O 8. Re1 c6 9. h3 Nb6 10. Ba2 Nfd7 11. Be3 exd4 12. Nxd4 Nc5 13. Qh5 Nbxa4 14. Nxa4 Nxa4 15. Nf3 Nc5 16. Ng5 Bxg5 17. Bxg5 Qc7 18. Bf4 Nd7 19. Bg3 Nf6 20. Qh4 Be6 21. Bxe6 fxe6 22. e5 dxe5 23. Rxe5 Qd7 24. Qc4 Nd5 25. Qe2 Rf5 26. Rxe6 Raf8 27. Re4 Qd8 28. Qd2 Nf6 29. Qxd8 Rxd8 30. Re7 Rd2 31. Rxb7 Ne4 32. Re1 Nxg3 33. fxg3 h5 1/2-1/2

[Event "Cebanenco Memorial 2019"]
[Site "Chisinau"]
[Date "2019.05.13"]
[Round "5.2"]
[White "Miron, Lucian-Costin"]
[Black "Macovei, Andrei"]
[Result "1/2-1/2"]
[ECO "E35"]
[WhiteElo "2472"]
[BlackElo "2432"]
[Annotator "ChessBase"]
[PlyCount "61"]
[EventDate "2019.05.07"]
[EventCountry "MDA"]
[SourceTitle "playchess.com"]
[Source "ChessBase"]
[SourceQuality "1"]
[TimeControl "5400+30"]

1. d4 Nf6 2. c4 e6 3. Nc3 Bb4 4. Qc2 d5 5. cxd5 exd5 6. Bg5 h6 7. Bh4 c5 8. dxc5 g5 9. Bg3 Ne4 10. e3 Qa5 11. Rc1 Qxa2 12. Bb5+ Bd7 13. Bxd7+ Nxd7 14. Nge2 Nxc3 15. Nxc3 Qc4 16. Rd1 Nxc5 17. Rd4 Qa6 18. h4 g4 19. f3 gxf3 20. gxf3 Rg8 21. Kf2 Bxc3 22. bxc3 O-O-O 23. Qf5+ Ne6 24. Rhd1 Qc6 25. R4d2 b6 26. Rxd5 Rxd5 27. Rxd5 Qxc3 28. Qxf7 Qc2+ 29. Ke1 Qc1+ 30. Kf2 Qc2+ 31. Ke1 1/2-1/2

[Event "Cebanenco Memorial 2019"]
[Site "Chisinau"]
[Date "2019.05.16"]
[Round "8.1"]
[White "Fedorov, Alexei"]
[Black "Schitco, Ivan"]
[Result "0-1"]
[ECO "B07"]
[WhiteElo "2566"]
[BlackElo "2437"]
[Annotator "ChessBase"]
[PlyCount "34"]
[EventDate "2019.05.07"]
[EventCountry "MDA"]
[SourceTitle "playchess.com"]
[Source "ChessBase"]
[SourceQuality "1"]
[TimeControl "5400+30"]

1. e4 d6 2. d4 Nf6 3. f3 c5 4. Ne2 e6 5. c4 d5 6. cxd5 exd5 7. e5 Nfd7 8. f4 Nc6 9. Be3 Nb6 10. Bf2 Nc4 11. dxc5 Qa5+ 12. Nec3 Bxc5 13. Bxc4 Bxf2+ 14. Kxf2 dxc4 15. Nd2 Qb6+ 16. Ke1 Be6 17. f5 Nxe5 0-1

[Event "Cebanenco Memorial 2019"]
[Site "Chisinau"]
[Date "2019.05.16"]
[Round "8.2"]
[White "Smirin, Ilia"]
[Black "Lashkin, Jegor"]
[Result "1-0"]
[ECO "B70"]
[WhiteElo "2605"]
[BlackElo "2313"]
[Annotator "ChessBase"]
[PlyCount "63"]
[EventDate "2019.05.07"]
[EventCountry "MDA"]
[SourceTitle "playchess.com"]
[Source "ChessBase"]
[SourceQuality "1"]
[TimeControl "5400+30"]

1. e4 c5 2. Nc3 d6 3. Nge2 Nf6 4. g3 g6 5. d4 cxd4 6. Nxd4 Bg7 7. Bg2 O-O 8. O-O Nc6 9. Nde2 Bd7 10. h3 Rc8 11. Re1 Re8 12. a4 a6 13. Nd5 b5 14. axb5 axb5 15. Be3 Nxd5 16. exd5 Na5 17. Bd4 Bxd4 18. Nxd4 Qb6 19. b3 Nb7 20. Qd2 Nd8 21. Rad1 e5 22. dxe6 Nxe6 23. Nf3 Bc6 24. h4 Qb7 25. Re3 Be4 26. Ne1 Bxg2 27. Nxg2 Qc6 28. Re2 Ng7 29. Ne3 Qf3 30. Rde1 Re6 31. Nd5 Rd8 32. Re3 1-0

[Event "Cebanenco Memorial 2019"]
[Site "Chisinau"]
[Date "2019.05.16"]
[Round "8.3"]
[White "Macovei, Andrei"]
[Black "Jobava, Baadur"]
[Result "1/2-1/2"]
[ECO "C92"]
[WhiteElo "2432"]
[BlackElo "2618"]
[Annotator "ChessBase"]
[PlyCount "26"]
[EventDate "2019.05.07"]
[EventCountry "MDA"]
[SourceTitle "playchess.com"]
[Source "ChessBase"]
[SourceQuality "1"]
[TimeControl "5400+30"]

1. e4 e5 2. Nf3 Nc6 3. Bb5 a6 4. Ba4 Nf6 5. O-O b5 6. Bb3 Be7 7. Re1 d6 8. c3 O-O 9. h3 Re8 10. Ng5 Rf8 11. Nf3 Re8 12. Ng5 Rf8 13. Nf3 Re8 1/2-1/2

[Event "Cebanenco Memorial 2019"]
[Site "Chisinau"]
[Date "2019.05.16"]
[Round "8.4"]
[White "Morozov, Nichita"]
[Black "Svetushkin, Dmitry"]
[Result "1/2-1/2"]
[ECO "D13"]
[WhiteElo "2371"]
[BlackElo "2536"]
[Annotator "ChessBase"]
[PlyCount "115"]
[EventDate "2019.05.07"]
[EventCountry "MDA"]
[SourceTitle "playchess.com"]
[Source "ChessBase"]
[SourceQuality "1"]
[TimeControl "5400+30"]

1. d4 d5 2. c4 c6 3. cxd5 cxd5 4. Nc3 Nf6 5. Nf3 Nc6 6. Bf4 Nh5 7. Bd2 Nf6 8. Bf4 Nh5 9. Bd2 e6 10. Ne5 Nf6 11. Nxc6 bxc6 12. Rc1 c5 13. e4 dxe4 14. Nb5 Be7 15. dxc5 O-O 16. Be2 a6 17. Na3 Rb8 18. b4 e3 19. Bxe3 Nd5 20. Nc2 Bf6 21. Bf3 Nxe3 22. Nxe3 Rxb4 23. O-O Qa5 24. Rc2 Bd4 25. Qd2 Rd8 26. Rd1 Bf6 27. Qe1 Rxd1 28. Qxd1 Rd4 29. Qc1 Bg5 30. g3 Rd3 31. Be4 Rd4 32. Bf3 Rd3 33. Be4 Bxe3 34. fxe3 Rd8 35. Kf2 h5 36. Qb2 Rd1 37. Qc3 Qb5 38. Bg2 h4 39. Rb2 Qd7 40. c6 Qd6 41. Qb4 Qd8 42. Bf3 Qf6 43. Rd2 Rh1 44. Rd8+ Qxd8 45. Bxh1 Qd1 46. Qd4 Qc2+ 47. Kg1 Qb1+ 48. Kf2 Qxa2+ 49. Kg1 Qb1+ 50. Kf2 Qf5+ 51. Bf3 hxg3+ 52. hxg3 Qf6 53. Qd6 g5 54. g4 Kg7 55. Qc7 Qb2+ 56. Kg3 Qa1 57. Kg2 Qb2+ 58. Kg3 1/2-1/2

[Event "Cebanenco Memorial 2019"]
[Site "Chisinau"]
[Date "2019.05.16"]
[Round "8.5"]
[White "Miron, Lucian-Costin"]
[Black "Hamitevici, Vladimir"]
[Result "1-0"]
[ECO "A58"]
[WhiteElo "2472"]
[BlackElo "2476"]
[Annotator "ChessBase"]
[PlyCount "103"]
[EventDate "2019.05.07"]
[EventCountry "MDA"]
[SourceTitle "playchess.com"]
[Source "ChessBase"]
[SourceQuality "1"]
[TimeControl "5400+30"]

1. d4 Nf6 2. c4 c5 3. d5 b5 4. cxb5 a6 5. bxa6 g6 6. Nc3 Bg7 7. e4 O-O 8. Nf3 Qa5 9. Bd2 Bxa6 10. Be2 Bxe2 11. Qxe2 Qa6 12. a4 e6 13. dxe6 Qxe2+ 14. Kxe2 fxe6 15. Be3 Na6 16. Rhd1 Rfb8 17. Rab1 Rb7 18. h3 Rab8 19. e5 Ne8 20. Nb5 Nec7 21. Rxd7 Nxb5 22. Rxb7 Rxb7 23. axb5 Rxb5 24. b3 h6 25. h4 Nb8 26. Rc1 Nd7 27. Nd2 Bxe5 28. Bxh6 Ra5 29. Be3 Bf6 30. g3 Kf7 31. Rc4 Rb5 32. Ra4 Rb7 33. Ne4 Be7 34. Nd2 Bf6 35. g4 Be7 36. h5 gxh5 37. gxh5 Nf6 38. h6 Bf8 39. Ne4 Nh7 40. Nd2 Kg6 41. Ra6 Kf5 42. Kd3 Nf6 43. Ra8 Rf7 44. Nf3 Nh7 45. Kc4 Rb7 46. Bxc5 Bxh6 47. Nd4+ Ke5 48. Nxe6 Bd2 49. Nd4 Kf4 50. b4 Bxb4 51. Bxb4 Rf7 52. Bd6+ 1-0

[Event "Cebanenco Memorial 2019"]
[Site "Chisinau"]
[Date "2019.05.15"]
[Round "9.4"]
[White "Lashkin, Jegor"]
[Black "Macovei, Andrei"]
[Result "1/2-1/2"]
[ECO "C47"]
[WhiteElo "2313"]
[BlackElo "2432"]
[Annotator "NA RC"]
[PlyCount "29"]
[EventDate "2019.05.07"]
[EventCountry "MDA"]
[SourceTitle "playchess.com"]
[Source "ChessBase"]
[SourceQuality "1"]
[TimeControl "40/5400+30:1800+30"]

1. e4 e5 2. Nf3 Nc6 3. Nc3 Nf6 4. d4 exd4 5. Nxd4 Bc5 6. Be3 Bb6 7. Qd2 $14 O-O 8. O-O-O Re8 9. f3 d5 10. Bb5 Bd7 11. exd5 Ne5 12. Be2 Bc8 13. Bb5 Bd7 14. Be2 Bc8 15. Bb5 1/2-1/2